[Event "Goteborg Open 2024"]
[Site "Goteborgs Schackcentrum, Vegatan 20, Gothenburg, Sweden"]
[Date "2024.08.03"]
[Round "5.1"]
[White "Degerfeldt, Sven"]
[Black "Rasti, Arvin"]
[Result "0-1"]
[TimeControl "15 minutes + 5 seconds per move from move one (Round 1 - 4) / 90 minutes + 30 seconds per move from move one (Round 5 - 8)"]
[BlackTitle "FM"]
[WhiteFideId "1717430"]
[BlackFideId "1741160"]
[WhiteElo "1902"]
[BlackElo "2195"]

1. d4 Nf6 2. c4 g6 3. Nc3 Bg7 4. g3 O-O 5. Bg2 d6 6. e4 Nc6 7. Nge2 e5 8. d5 Nd4 9. O-O c5 10.
f3 a6 11. Nxd4 cxd4 12. Ne2 Re8 13. Bg5 Qb6 14. Kh1 Qxb2 15. Bxf6 Bxf6 16. Qd3 Qb4 17. Rab1 Qc5 18. f4 Bg7 19.
fxe5 dxe5 20. Nc1 Qc7 21. Nb3 b6 22. Rfc1 Bf8 23. Rc2 a5 24. Rf2 Ba6 25. Nd2 Bg7 26. Rbf1 Rf8 27. Bh3 Bc8 28.
Bxc8 Raxc8 29. Rc1 Qd6 30. Rc2 Rc7 31. h4 Rfc8 32. Nf3 Bh6 33. Ng5 Qd8 34. Nf3 Qe7 35. a3 Be3 36. Rg2 h5 37.
Nh2 b5 38. cxb5 Rc3 39. Qd1 d3 40. Rxc3 Rxc3 41. Nf1 Bb6 42. Kh2 Qc5 43. g4 Rc2 44. Qf3 Qg1+ 45. Kh3 Rxg2 46. Qxg2 hxg4+ 47. Kg3 Bf2+ 0-1

[Event "Goteborg Open 2024"]
[Site "Goteborgs Schackcentrum, Vegatan 20, Gothenburg, Sweden"]
[Date "2024.08.03"]
[Round "5.2"]
[White "Ask, Josef"]
[Black "Wickstrom, Carina"]
[Result "0-1"]
[TimeControl "15 minutes + 5 seconds per move from move one (Round 1 - 4) / 90 minutes + 30 seconds per move from move one (Round 5 - 8)"]
[WhiteTitle "FM"]
[WhiteFideId "1704583"]
[BlackFideId "1743201"]
[WhiteElo "2129"]
[BlackElo "2013"]

1. c4 g6 2. Nc3 Bg7 3. g3 d6 4. Bg2 e5 5. Rb1 f5 6. b4 Nc6 7. b5 Nce7 8. a4 Rb8 9. a5 b6 10.
Qa4 Nf6 11. d3 h6 12. e3 O-O 13. Nge2 g5 14. f4 Be6 15. O-O Qe8 16. axb6 axb6 17. Qa7 Qd7 18. Ra1 e4 19. Nd4 Bf7 20.
fxg5 hxg5 21. Bh3 g4 22. Bg2 exd3 23. Ra4 d5 24. Ba3 Bg6 25. cxd5 Ne4 26. Nxe4 fxe4 27. d6 Nd5 28. dxc7 Rxf1+ 29. Bxf1 Rc8 30. Qb7 Rxc7 31. Ra8+ Kh7 32. Qb8 Qf7 33. Qd8 Nxe3 34. Qh4+ Bh5 35. Bg2 Nxg2 36. Kxg2 d2 37. Qg5 d1=Q 0-1

[Event "Goteborg Open 2024"]
[Site "Goteborgs Schackcentrum, Vegatan 20, Gothenburg, Sweden"]
[Date "2024.08.03"]
[Round "5.3"]
[White "Wesslen, Ulf"]
[Black "Al Waeli, Laith"]
[Result "1-0"]
[TimeControl "15 minutes + 5 seconds per move from move one (Round 1 - 4) / 90 minutes + 30 seconds per move from move one (Round 5 - 8)"]
[BlackTitle "FM"]
[WhiteFideId "1705199"]
[BlackFideId "4801059"]
[WhiteElo "1953"]
[BlackElo "2077"]

1. d4 Nf6 2. c4 g6 3. Nc3 Bg7 4. Nf3 O-O 5. g3 d6 6. Bg2 Nbd7 7. O-O e5 8. e4 a6 9. h3 b5 10.
Bg5 h6 11. Be3 c6 12. Nd2 b4 13. Na4 Rb8 14. dxe5 Nxe5 15. f4 Ned7 16. c5 Nxc5 17. Nxc5 dxc5 18. Bxc5 Re8 19. Qc2 Be6 20.
Rad1 Qc8 21. Kh2 Rb5 22. Rfe1 Bf8 23. Bxf8 Rxf8 24. e5 Nd5 25. Rc1 b3 26. axb3 Nb4 27. Qb1 Rd8 28. Nc4 Nd3 29.
Nd6 Rxd6 30. exd6 Nxe1 31. Rxc6 Qd7 32. Qxe1 Rxb3 33. Rxa6 Rb8 34. Qe5 Rd8 35. b4 Kh7 36. b5 Bc4 37.
Rb6 Be6 38. Rc6 Rb8 39. b6 Qd8 40. Rc7 Kg8 41. b7 Qf8 42. d7 Rd8 43. Rc8 1-0

[Event "Goteborg Open 2024"]
[Site "Goteborgs Schackcentrum, Vegatan 20, Gothenburg, Sweden"]
[Date "2024.08.03"]
[Round "5.4"]
[White "Eldh, Hjalmar"]
[Black "Eriksson, Kristian"]
[Result "0-1"]
[TimeControl "15 minutes + 5 seconds per move from move one (Round 1 - 4) / 90 minutes + 30 seconds per move from move one (Round 5 - 8)"]
[WhiteFideId "1767968"]
[BlackFideId "1705172"]
[WhiteElo "1897"]
[BlackElo "2064"]

1. e4 e5 2. Nf3 Nc6 3. Bc4 Nf6 4. Ng5 d5 5. exd5 Na5 6. Bb5+ c6 7. dxc6 bxc6 8. Bd3 h6 9. Ne4 Nd5 10.
Nbc3 Rb8 11. O-O g6 12. Re1 Bg7 13. Bf1 O-O 14. d3 Nb7 15. Bd2 f5 16. Ng3 Nd6 17. Qc1 Qh4 18. a3 Nf6 19.
h3 f4 20. Nge4 Ndxe4 21. Nxe4 f3 22. Nxf6+ Rxf6 23. Re4 Qh5 24. g4 Qh4 25. g5 Rf4 26. Bxf4 exf4 27. Qxf4 Qxf4 28. Rxf4 Rxb2 29.
Re1 Bf5 30. gxh6 Bxh6 31. Rc4 Rb6 32. Kh2 Kf7 33. Kg3 Be6 34. Rb4 Ra6 35. Ra1 Ra5 36. Kxf3 c5 37. Rb7+ Kf6 38. c4 Bd2 39.
Rb5 Ra6 40. Rxc5 Bc3 41. Ra2 Bd4 42. Rb5 Bd7 43. Ke4 Bb6 44. Rxb6+ Rxb6 45. d4 Rb1 46. Bd3 Bf5+ 47. Ke3 Rb3 48.
Rd2 Rxa3 49. h4 a5 50. Ke2 Bg4+ 51. f3 Bd7 52. Rb2 Be8 53. Rb6+ Kg7 54. c5 a4 55. c6 Rc3 56. Bb5 a3 57.
Ra6 Rb3 58. c7 Bxb5+ 0-1

[Event "Goteborg Open 2024"]
[Site "Goteborgs Schackcentrum, Vegatan 20, Gothenburg, Sweden"]
[Date "2024.08.03"]
[Round "5.5"]
[White "Kallen, Jonas"]
[Black "Andersson, Stig"]
[Result "1-0"]
[TimeControl "15 minutes + 5 seconds per move from move one (Round 1 - 4) / 90 minutes + 30 seconds per move from move one (Round 5 - 8)"]
[WhiteFideId "1712896"]
[BlackFideId "1731971"]
[WhiteElo "2017"]
[BlackElo "1889"]

1. e4 e5 2. Nf3 Nc6 3. d4 exd4 4. Nxd4 Bc5 5. Be3 Bxd4 6. Bxd4 Nxd4 7. Qxd4 Qf6 8. c3 Qxd4 9. cxd4 d6 10.
Nc3 Bd7 11. Bc4 Ne7 12. O-O O-O 13. Rac1 Rab8 14. b4 b5 15. Bd5 Be6 16. Bxe6 fxe6 17. d5 e5 18. Rfd1 Rf7 19. Ne2 Nc8 20.
Rc6 Nb6 21. f3 Kf8 22. Rdc1 Rb7 23. Nc3 a6 24. Nb1 Ke8 25. Nd2 Kd8 26. Nb3 Ra7 27. Na5 Kd7 28. R1c2 Nc8 29. R6c3 Nb6 30.
Kf2 Na4 31. Rc6 Nb6 32. h4 h5 33. Ke3 Nc8 34. g3 Rf6 35. R6c3 Nb6 36. Rc1 Nc8 37. Ra3 Nb6 38. Ke2 Ra8 39.
Rf1 Raf8 40. Nb3 Ra8 41. Nd2 Na4 42. f4 Rc8 43. fxe5 dxe5 44. Nc4 bxc4 45. Rxa4 Rxf1 46. Kxf1 c6 47.
Ra5 cxd5 48. Rxd5+ Ke6 49. Ke2 Rc7 50. Ra5 Rc6 51. Kd2 Rd6+ 52. Kc3 Rd3+ 53. Kxc4 Rd4+ 54. Kc5 Rxe4 55. Rxa6+ Kf7 56.
b5 Re1 57. Kd5 e4 58. Kd4 e3 59. Kd3 Rg1 60. Ra3 Rxg3 61. Rb3 g5 62. b6 gxh4 63. b7 Rg8 64. b8=Q Rxb8 65. Rxb8 h3 66.
Rb2 Kg6 67. Kxe3 Kg5 68. Kf3 Kh4 69. a4 1-0

[Event "Goteborg Open 2024"]
[Site "Goteborgs Schackcentrum, Vegatan 20, Gothenburg, Sweden"]
[Date "2024.08.03"]
[Round "5.6"]
[White "Bergdahl, Martin"]
[Black "Ulmer, Maya Vissing"]
[Result "0-1"]
[TimeControl "15 minutes + 5 seconds per move from move one (Round 1 - 4) / 90 minutes + 30 seconds per move from move one (Round 5 - 8)"]
[WhiteFideId "1782231"]
[BlackFideId "1479997"]
[WhiteElo "1711"]
[BlackElo "1676"]

1. e4 c6 2. d4 d5 3. e5 Bf5 4. Nc3 e6 5. Bd3 Bxd3 6. Qxd3 Qb6 7. Nf3 c5 8. Qb5+ Nc6 9. Qxb6 axb6 10.
dxc5 bxc5 11. Bg5 Na7 12. a4 Ne7 13. O-O h6 14. Bh4 g5 15. Bg3 Bg7 16. Nd2 Nf5 17. Rfe1 Nxg3 18. fxg3 O-O 19.
h4 g4 20. Nb3 Nc6 21. Nxc5 Bxe5 22. Kh2 Kg7 23. Nd3 Bxc3 24. bxc3 Rfc8 25. Rab1 Nd8 26. Rb4 f5 27. Nf4 Ra6 28.
Re3 Rac6 29. Ne2 Rc4 30. Nd4 Rxb4 31. cxb4 Kf7 32. c3 Ra8 33. a5 Ra6 34. Nb3 Rc6 35. b5 Rc4 36. a6 bxa6 37.
bxa6 Rc6 38. Nc1 Rxa6 39. Nd3 Ra3 40. Nf4 Ra4 41. Rd3 Re4 42. Nxd5 exd5 43. Rxd5 Ne6 44. Rxf5+ Kg6 45. Ra5 Rc4 46.
Ra3 Nc5 47. Kg1 Ne4 48. Ra6+ Kh5 49. Ra5+ Rc5 50. Rxc5+ Nxc5 51. Kh2 Kg6 52. c4 Kf5 53. Kg1 Ne4 54. c5 Nxc5 55. h5 Ne4 56.
Kh2 Kg5 57. Kg1 Nxg3 58. Kh2 Nxh5 59. g3 Nf6 60. Kg2 Ne4 61. Kh2 h5 62. Kg2 Nxg3 63. Kxg3 h4+ 64. Kh2 Kf4 65. Kg2 h3+ 66.
Kf2 g3+ 67. Kg1 Kf3 68. Kh1 g2+ 69. Kg1 h2+ 70. Kxh2 Kf2 71. Kh3 g1=Q 72. Kh4 Qg6 73. Kh3 Qg3+ 0-1

[Event "Goteborg Open 2024"]
[Site "Goteborgs Schackcentrum, Vegatan 20, Gothenburg, Sweden"]
[Date "2024.08.03"]
[Round "5.7"]
[White "Ottgard, Andreas"]
[Black "Green, David"]
[Result "1/2-1/2"]
[TimeControl "15 minutes + 5 seconds per move from move one (Round 1 - 4) / 90 minutes + 30 seconds per move from move one (Round 5 - 8)"]
[WhiteFideId "1730592"]
[BlackFideId "1769332"]
[WhiteElo "1900"]
[BlackElo "1946"]

1. c4 e5 2. g3 Nf6 3. Bg2 c6 4. d4 e4 5. Bg5 d5 6. e3 Be7 7. Nc3 Nbd7 8. Nge2 O-O 9. O-O b6 10.
Qa4 Bb7 11. cxd5 cxd5 12. b4 Ne8 13. Bxe7 Qxe7 14. Nf4 Ndf6 15. Qb3 Rd8 16. h4 Nc7 17. Rac1 h6 18. Rc2 Ne6 19. Nxe6 Qxe6 20.
Nb5 a6 21. Nc7 Qd7 22. Rfc1 Rc8 23. Qa3 Kh7 24. Nxa6 Ra8 25. Bf1 Bxa6 26. Bxa6 Qa7 27. b5 Qd7 28. Kg2 Qf5 29. Qd6 Qf3+ 30.
Kg1 g5 31. hxg5 hxg5 32. Qe5 Kg6 33. g4 Nxg4 34. Rc6+ f6 35. Qg3 Rh8 36. Qxf3 exf3 37. Bc8 Rh4 38. R1c2 Ra7 39. Rc7 Ra5 40. Bd7 Ra8 41. Rc8 Ra7 42.
R8c7 Ra8 43. Rc8 Rxc8 44. Rxc8 f5 45. Rc6+ Nf6 46. Rxb6 Rg4+ 47. Kf1 Rh4 48. Kg1 Rg4+ 49. Kf1 Rh4 50.
Kg1 1/2-1/2

[Event "Goteborg Open 2024"]
[Site "Goteborgs Schackcentrum, Vegatan 20, Gothenburg, Sweden"]
[Date "2024.08.03"]
[Round "5.8"]
[White "Utriainen, Tapani"]
[Black "Madevan Vaishnavi, Yaashvan"]
[Result "1/2-1/2"]
[TimeControl "15 minutes + 5 seconds per move from move one (Round 1 - 4) / 90 minutes + 30 seconds per move from move one (Round 5 - 8)"]
[WhiteFideId "16300696"]
[BlackFideId "1772180"]
[WhiteElo "1914"]
[BlackElo "1684"]

1. d4 Nf6 2. c4 g6 3. f3 c6 4.
e4 d5 5.
Nc3 dxc4 6. Bxc4 Bg7 7. Be3 O-O 8. Qd2 b5 9. Bb3 Na6 10. Nge2 Bb7 11. O-O Rc8 12. Rfd1 Nd7 13. d5 b4 14.
Na4 c5 15. Rac1 Qa5 16. Qc2 c4 17. Bxc4 Rxc4 18. Qxc4 Qxa4 19. Nc3 Qa5 20. Qb5 Qxb5 21. Nxb5 Bxb2 22. Rb1 Bg7 23. Nxa7 Ne5 24.
Bg5 f6 25. Bd2 Nd3 26. a3 f5 27. Be3 Nb2 28. axb4 Nxd1 29. Rxd1 f4 30. Bc5 Kf7 31. Nb5 Be5 32. d6 Nxc5 33.
bxc5 exd6 34. Nxd6+ Bxd6 35. Rxd6 Ke7 36. Rb6 Ba8 37. Ra6 Rc8 38. Ra7+ Kf6 39. Rxh7 Rxc5 40. g3 fxg3 1/2-1/2

[Event "Goteborg Open 2024"]
[Site "Goteborgs Schackcentrum, Vegatan 20, Gothenburg, Sweden"]
[Date "2024.08.03"]
[Round "5.9"]
[White "Borin, Jesper"]
[Black "Evertsson, David"]
[Result "1/2-1/2"]
[TimeControl "15 minutes + 5 seconds per move from move one (Round 1 - 4) / 90 minutes + 30 seconds per move from move one (Round 5 - 8)"]
[WhiteFideId "1771337"]
[BlackFideId "1777424"]
[WhiteElo "1905"]
[BlackElo "1642"]

1. e4 c5 2. Nf3 d6 3. Bb5+ Nd7 4. a4 a6 5. Be2 Ngf6 6. Nc3 e5 7. O-O Be7 8. d3 O-O 9. a5 Re8 10.
Nd2 Nf8 11. Nc4 Ng6 12. Nb6 Rb8 13. Nxc8 Rxc8 14. g3 Bf8 15. b3 Ne7 16. Bg5 Nc6 17. Nd5 Be7 18. Nb6 Rb8 19. Bd2 Bf8 20.
Bf3 g6 21. Bg2 Bg7 22. Bc3 Nd7 23. Nc4 Qe7 24. Qd2 Nd4 25. Bxd4 cxd4 26. f4 f6 27. Qf2 Rbc8 28. Bh3 Bh6 29.
Bxd7 Qxd7 30. Nb6 Qc7 31. Nxc8 Rxc8 32. Ra2 Qe7 33. Ra4 Rc5 34. Rfa1 Qc7 35. Rc4 Kg7 36. Kg2 Qc6 37. Qf3 Qc7 38.
Rf1 Qe7 39. fxe5 fxe5 40. Rxc5 dxc5 41. Qg4 Bd2 42. h4 Bxa5 43. Qg5 Qxg5 44. hxg5 Bd8 45. Ra1 Bxg5 46. Ra5 Be7 47. b4 b6 48.
Rxa6 cxb4 49. Rxb6 Kf7 50. Kf3 h5 51. Ke2 Bc5 52. Rc6 Be7 53. Kf3 Bf6 54. Kg2 Be7 55. Kh3 Bf6 56. Rc5 Ke6 57.
g4 h4 58. Rb5 Be7 59. Rb6+ Kf7 60. g5 Bxg5 61. Rxb4 Be7 62. Rb5 Ke6 63. Rb6+ Kf7 64. Kg4 Bf6 65. Rb7+ Be7 66. Rc7 Ke6 67.
Rc6+ Kf7 68. c3 dxc3 69. Rxc3 Ke6 70. Rc6+ Kf7 71. Ra6 Bf6 72. Rd6 Ke7 73. Rb6 Kf7 74. Rb7+ Be7 75. Kf3 Ke6 76.
Rb6+ Kf7 77. Rc6 Bf6 78. Ke3 Be7 79. d4 exd4+ 80. Kxd4 g5 81. e5 g4 82. Ke4 g3 83. Kf3 Bd8 84.
Kg2 Be7 85. Kh3 Kg7 86. Rc4 Kf7 87. Rc6 Kg7 88. Re6 Kf7 89. Rh6 Kg7 1/2-1/2

[Event "Goteborg Open 2024"]
[Site "Goteborgs Schackcentrum, Vegatan 20, Gothenburg, Sweden"]
[Date "2024.08.03"]
[Round "5.10"]
[White "Lindholm, Marcus"]
[Black "Lennerstad, Allan"]
[Result "0-1"]
[TimeControl "15 minutes + 5 seconds per move from move one (Round 1 - 4) / 90 minutes + 30 seconds per move from move one (Round 5 - 8)"]
[WhiteFideId "1743473"]
[BlackFideId "1723774"]
[WhiteElo "1851"]
[BlackElo "1950"]

1. d4 Nf6 2. Bg5 g6 3. Bxf6 exf6 4. e4 Bg7 5. Nd2 O-O 6. Bd3 d5 7. c3 dxe4 8. Bxe4 Re8 9. Ne2 f5 10. Bd3 c5 11. Bb5 Bd7 12. Bxd7 Qxd7 13.
dxc5 Qe7 14. Nc4 Na6 15. Ne3 Bh6 16. b4 Bxe3 17. fxe3 Qxe3 18. Qd2 Qe4 19. Kf2 Rad8 20. Nd4 Nxb4 21.
Rad1 Nd5 22. Rhe1 Qh4+ 23. Kg1 Rxe1+ 24. Rxe1 Qf6 25. Rd1 Nc7 26. Qb2 b6 27. cxb6 Qxb6 28. Qxb6 axb6 29. Rb1 Nd5 30.
Ne2 Ra8 31. Rb2 Ra3 32. h3 Nxc3 33. Nxc3 Rxc3 34. Rxb6 Ra3 35. Rb2 Kg7 36. Kf2 g5 37. Ke1 h5 38. Kf1 h4 39. Kg1 Kg6 40.
Kh2 f6 41. Rc2 g4 42. hxg4 fxg4 43. Rb2 Kg5 44. Rb5+ f5 45. Rb2 Rc3 46. Rd2 g3+ 0-1

[Event "Goteborg Open 2024"]
[Site "Goteborgs Schackcentrum, Vegatan 20, Gothenburg, Sweden"]
[Date "2024.08.03"]
[Round "5.11"]
[White "Harila, Per"]
[Black "Gallardo, Guillermo"]
[Result "1-0"]
[TimeControl "15 minutes + 5 seconds per move from move one (Round 1 - 4) / 90 minutes + 30 seconds per move from move one (Round 5 - 8)"]
[WhiteFideId "1707248"]
[BlackFideId "1773488"]
[WhiteElo "1947"]
[BlackElo "1822"]

1. c4 c5 2. g3 g6 3. Bg2 Bg7 4. Nc3 Nc6 5. d3 d6 6. e4 e6 7. Nge2 Nge7 8. O-O O-O 9. f4 Nd4 10.
Nxd4 Bxd4+ 11. Kh1 Nc6 12. Ne2 Bg7 13. Rb1 Rb8 14. Be3 Qe7 15. d4 cxd4 16. Nxd4 Nxd4 17. Bxd4 e5 18. Bc3 Be6 19.
Qd3 Qc7 20. b3 exf4 21. Bxg7 Kxg7 22. gxf4 f5 23. Qd4+ Kg8 24. Rbd1 Rbd8 25. Rd2 Qc5 26. exf5 Bxf5 27. Bd5+ 1-0

[Event "Goteborg Open 2024"]
[Site "Goteborgs Schackcentrum, Vegatan 20, Gothenburg, Sweden"]
[Date "2024.08.03"]
[Round "5.12"]
[White "Fransson, Lennart"]
[Black "Thern, Alfred"]
[Result "1/2-1/2"]
[TimeControl "15 minutes + 5 seconds per move from move one (Round 1 - 4) / 90 minutes + 30 seconds per move from move one (Round 5 - 8)"]
[WhiteFideId "1706756"]
[BlackFideId "1775227"]
[WhiteElo "1926"]
[BlackElo "1729"]

1. e4 c5 2. d4 cxd4 3. c3 Nf6 4. e5 Nd5 5. Nf3 Nc6 6. Bc4 Nb6 7. Bb3 d5 8. exd6 Qxd6 9. O-O Be6 10.
Bxe6 Qxe6 11. Re1 Qd7 12. cxd4 Rd8 13. Nc3 e6 14. Bf4 Be7 15. Qb3 O-O 16. Rad1 Rfe8 17. Ne5 Qc8 18. d5 Nxe5 19.
Bxe5 exd5 20. Nxd5 Nxd5 21. Rxd5 Rxd5 22. Qxd5 Bf6 23. f4 Qc7 24. Qd1 1/2-1/2

[Event "Goteborg Open 2024"]
[Site "Goteborgs Schackcentrum, Vegatan 20, Gothenburg, Sweden"]
[Date "2024.08.03"]
[Round "5.13"]
[White "Bergdahl, Daniel"]
[Black "Mohammed, Safian Haj"]
[Result "0-1"]
[TimeControl "15 minutes + 5 seconds per move from move one (Round 1 - 4) / 90 minutes + 30 seconds per move from move one (Round 5 - 8)"]
[WhiteFideId "1780921"]
[BlackFideId "1729276"]
[WhiteElo "1689"]
[BlackElo "1890"]

1. e4 c5 2. Nf3 Nc6 3. d4 cxd4 4. Nxd4 e5 5. Nf3 Nf6 6. Nc3 h6 7. Bc4 Bb4 8. O-O Bxc3 9. bxc3 O-O 10.
Re1 Na5 11. Bb5 a6 12. Ba4 Qc7 13. Ba3 Re8 14. Bb4 b5 15. Bb3 Bb7 16. Bd5 Nc4 17. Bxc4 Qxc4 18. Nd2 Qc7 19. Qf3 d5 20.
Re3 dxe4 21. Qh3 Rad8 22. Rg3 Kh7 23. Nb3 Qd7 24. Qxd7 Nxd7 25. Na5 Bd5 26. h3 f5 27. Rd1 Nf6 28. Re3 Bxa2 29. Rxd8 Rxd8 30.
Nc6 Rd1+ 31. Kh2 f4 32. Re2 Bc4 0-1

[Event "Goteborg Open 2024"]
[Site "Goteborgs Schackcentrum, Vegatan 20, Gothenburg, Sweden"]
[Date "2024.08.03"]
[Round "5.14"]
[White "Westlund, Tim"]
[Black "Hammar, Arvid"]
[Result "1-0"]
[TimeControl "15 minutes + 5 seconds per move from move one (Round 1 - 4) / 90 minutes + 30 seconds per move from move one (Round 5 - 8)"]
[WhiteFideId "1754718"]
[BlackFideId "1735977"]
[WhiteElo "1886"]
[BlackElo "1653"]

1. e4 e5 2. Nf3 d5 3. exd5 e4 4. Qe2 f5 5. d3 Nf6 6. Nc3 Bb4 7. Bd2 O-O 8. Nd4 Bxc3 9. Bxc3 Qxd5 10.
dxe4 Nxe4 11. Qc4 Nxc3 12. Qxc3 Re8+ 13. Be2 Qxg2 14. O-O-O Nc6 15. Rhg1 Qe4 16. Bc4+ Kh8 17. Nxc6 Qf4+ 18.
Kb1 Qh6 19. Nd8 Be6 20. Nxe6 Re7 21. Rd8+ Rxd8 22. Nxd8 Qxh2 23. Rd1 h6 24. Qf3 Qe5 25. Nf7+ Rxf7 26. Bxf7 g5 27. Qc3 1-0

[Event "Goteborg Open 2024"]
[Site "Goteborgs Schackcentrum, Vegatan 20, Gothenburg, Sweden"]
[Date "2024.08.03"]
[Round "5.15"]
[White "Israelsson, Lukas"]
[Black "Johansson, Eva"]
[Result "0-1"]
[TimeControl "15 minutes + 5 seconds per move from move one (Round 1 - 4) / 90 minutes + 30 seconds per move from move one (Round 5 - 8)"]
[WhiteFideId "1784749"]
[BlackFideId "1724584"]
[WhiteElo "1615"]
[BlackElo "1878"]

1. d4 d6 2. c4 e5 3. d5 f5 4. Nc3 Nf6 5. Bg5 Be7 6. Qc2 Nxd5 7. Bxe7 Nxe7 8. e4 O-O 9. Nf3 Nbc6 10.
Rd1 fxe4 11. Nxe4 Nf5 12. c5 Nfd4 13. Nxd4 Nxd4 14. Rxd4 exd4 15. h4 d5 16. Ng5 Qe7+ 17. Kd1 Bf5 18.
Bd3 Qf6 19. f3 Bxd3 20. Qxd3 Qf5 21. Qxf5 Rxf5 22. Ne6 c6 23. Nxd4 Re5 24. Kd2 Rae8 25. g4 g6 26. Rf1 Rf8 27.
b4 Rfe8 28. Rf2 Re3 29. Nc2 R3e7 30. Nd4 a5 31. bxa5 Ra8 32. Nb3 Kf7 33. Kd3 Re1 34. Rh2 Rae8 35. Kc3 R8e3+ 36. Kb4 Rxf3 37.
a6 bxa6 38. Ka5 Ke7 39. Nd4 Ra3+ 40. Kb4 Rg3 41. Nxc6+ Ke8 42. g5 Rb1+ 43. Ka4 Rc3 44. Re2+ Kf7 45. Ne5+ Kg7 46. c6 d4 47.
Rd2 Rb5 48. Ng4 Rd5 49. Rf2 Rc4+ 50. Kb3 Rxc6 51. Nh6 Rd7 52. Ng4 d3 53. Rd2 Rb7+ 54. Ka3 0-1

[Event "Goteborg Open 2024"]
[Site "Goteborgs Schackcentrum, Vegatan 20, Gothenburg, Sweden"]
[Date "2024.08.03"]
[Round "5.16"]
[White "Helin, Mikael"]
[Black "Karlsson, Stefan"]
[Result "0-1"]
[TimeControl "15 minutes + 5 seconds per move from move one (Round 1 - 4) / 90 minutes + 30 seconds per move from move one (Round 5 - 8)"]
[WhiteTitle "CM"]
[WhiteFideId "1703838"]
[BlackFideId "1771183"]
[WhiteElo "1937"]
[BlackElo "2042"]

1. e4 c5 2. c4 Nc6 3. Nc3 e6 4. g3 Nf6 5. Bg2 d5 6. cxd5 exd5 7. Nxd5 Nxd5 8. exd5 Nb4 9. a3 Nd3+ 10. Kf1 Bf5 11. g4 Bg6 12.
f4 Qh4 13. Qe2+ Kd7 14. Nf3 Qxg4 15. Ne5+ Nxe5 16. fxe5 Qxe2+
17. Kxe2 Re8 18. d4 cxd4 19.
Bf4 Bd6 20. Bh3+ Kc7 21. Rhc1+ Kb6 22. a4 a6 23. b4 Bxe5 24. a5+ Ka7 25. Bd2 d3+ 26. Kf2 Bxa1 27. Be3+ Rxe3 28. Kxe3 Re8+ 29.
Kf3 Be4+ 30. Kg4 Be5 31. Rd1 h5+ 0-1

[Event "Goteborg Open 2024"]
[Site "Goteborgs Schackcentrum, Vegatan 20, Gothenburg, Sweden"]
[Date "2024.08.03"]
[Round "5.17"]
[White "Shchetinin, Oleg"]
[Black "Johansson, Stefan"]
[Result "1/2-1/2"]
[TimeControl "15 minutes + 5 seconds per move from move one (Round 1 - 4) / 90 minutes + 30 seconds per move from move one (Round 5 - 8)"]
[WhiteFideId "1740210"]
[BlackFideId "1732242"]
[WhiteElo "1742"]
[BlackElo "1933"]

1. e4 c5 2. a3 e6 3. c3 d5 4. exd5 Qxd5 5. Qf3 Nf6 6. Qxd5 Nxd5 7. Nf3 Nc6 8. Bb5 Bd7 9. O-O Bd6 10.
Bxc6 Bxc6 11. d4 O-O 12. dxc5 Bxc5 13. Ne5 Ba4 14. c4 Nf6 15. Nd2 Bc2 16. Ra2 Bf5 17. h3 h5 18. b4 Bd4 19.
Bb2 Bxb2 1/2-1/2

[Event "Goteborg Open 2024"]
[Site "Goteborgs Schackcentrum, Vegatan 20, Gothenburg, Sweden"]
[Date "2024.08.03"]
[Round "5.18"]
[White "Garby, Jacob"]
[Black "Lifmark, Kaspar"]
[Result "0-1"]
[TimeControl "15 minutes + 5 seconds per move from move one (Round 1 - 4) / 90 minutes + 30 seconds per move from move one (Round 5 - 8)"]
[WhiteFideId "1786520"]
[BlackFideId "1742396"]
[WhiteElo "1895"]
[BlackElo "1672"]

1. d4 Nf6 2. c4 c5 3. dxc5 e6 4.
b4 a5 5.
Qa4 Nc6 6. a3 Ra7 7. b5 Nd4 8. Be3 Bxc5 9. Nc3 Ng4 10. Bxd4 Bxd4 11. Rc1 Nxf2 12. c5 Qh4 13. Qc2 Nxh1+ 14. Kd2 Qf4+ 15. Kd3 0-1

[Event "Goteborg Open 2024"]
[Site "Goteborgs Schackcentrum, Vegatan 20, Gothenburg, Sweden"]
[Date "2024.08.03"]
[Round "5.19"]
[White "Murugaraja, Yogeshwer"]
[Black "Torres, Lucas"]
[Result "0-1"]
[TimeControl "15 minutes + 5 seconds per move from move one (Round 1 - 4) / 90 minutes + 30 seconds per move from move one (Round 5 - 8)"]
[WhiteFideId "1779389"]
[BlackFideId "1769464"]
[WhiteElo "1628"]
[BlackElo "1861"]

1. c4 e5 2. g3 Nc6 3. Bg2 Bc5 4. d3 d6 5. Nf3 f5 6. O-O Nf6 7. Nc3 O-O 8. a3 a5 9. Qc2 h6 10.
b3 g5 11. e3 Ba7 12. Rd1 Qe8 13. h3 Qh5 14. Nh2 f4 15. g4 Qg6 16. exf4 Nd4 17. Qb2 gxf4 18. Kh1 Kh8 19. f3 h5 20.
Ne4 Nxe4 21. dxe4 hxg4 22. hxg4 Rf7 23. Ra2 Rh7 24. Rd3 Qf6 25. Qd2 Rxh2+ 26. Kxh2 Qh4+ 27. Kg1 Ne2+ 28. Kf1 Qf2# 0-1

[Event "Goteborg Open 2024"]
[Site "Goteborgs Schackcentrum, Vegatan 20, Gothenburg, Sweden"]
[Date "2024.08.03"]
[Round "5.20"]
[White "Olsson, Jonas"]
[Black "Eklund, Rickard"]
[Result "0-1"]
[TimeControl "15 minutes + 5 seconds per move from move one (Round 1 - 4) / 90 minutes + 30 seconds per move from move one (Round 5 - 8)"]
[WhiteFideId "1734415"]
[BlackFideId "1789040"]
[WhiteElo "1741"]
[BlackElo "1595"]

1. e4 c5 2. f4 d6 3. Nf3 Nc6 4. Bc4 e6 5. O-O Nf6 6. Re1 Be7 7. d4 cxd4 8. Nxd4 O-O 9. Nc3 a6 10.
a4 Qc7 11. Nf3 Ng4 12. h3 Qb6+ 13. Be3 Nxe3 14. Rxe3 Qxe3+ 15. Kh1 Qxf4 16. Qe2 Ne5 17. Rf1 Nxf3 18. Rxf3 Qc1+ 19. Nd1 Qg5 20.
Bd3 Qe5 21. c3 Bd7 22. Nf2 f5 23. Qe3 Bh4 24. g3 Be7 25.
Be2 d5 26. Qd2 Bc6 27. Kg1 dxe4 28. Qe3 Bc5 0-1

[Event "Goteborg Open 2024"]
[Site "Goteborgs Schackcentrum, Vegatan 20, Gothenburg, Sweden"]
[Date "2024.08.03"]
[Round "6.1"]
[White "Rasti, Arvin"]
[Black "Kallen, Jonas"]
[Result "1/2-1/2"]
[TimeControl "15 minutes + 5 seconds per move from move one (Round 1 - 4) / 90 minutes + 30 seconds per move from move one (Round 5 - 8)"]
[WhiteTitle "FM"]
[WhiteFideId "1741160"]
[BlackFideId "1712896"]
[WhiteElo "2195"]
[BlackElo "2017"]

1. Nf3 Nf6 2. g3 g6 3. Bg2 Bg7 4. O-O O-O 5. d4 d5 6. c4 c6 7. b3 Bf5 8. Bb2 Nbd7 9. Nbd2 a5 10.
Nh4 Be6 11. Qc2 a4 12. e3 b5 13. Ba3 Re8 14. Bb4 Qb6 15. Rab1 axb3 16. axb3 Bf8 17. Rfc1 Ra6 18. cxb5 cxb5 19.
Bf1 Rea8 20. Qc7 Ne8 21. Qxb6 Rxb6 22. Ra1 Rxa1 23. Rxa1 Ndf6 24. Bd3 Ne4 25. Nhf3 N8d6 26. Bc5 Rb7 27.
Ra8 f6 28. b4 Nxd2 29. Nxd2 Nc4 30. Nb3 Kf7 31. Na5 Rc7 32. Rb8 Bd7 33. h4 Bg7 34. h5 f5 35. hxg6+ hxg6 36. Be2 e6 37.
g4 Bh6 38. gxf5 gxf5 39. Kg2 Kf6 40. Kf1 Rc8 41. Rb7 Be8 42. Ke1 f4 43. Rh7 Bg7 44. Be7+ Kxe7 45. Rxg7+ Kf6 46. Rg8 fxe3 47.
fxe3 Nxe3 48. Bxb5 Bd7 49. Rxc8 Bxc8 50. Ba4 e5 51. b5 Nc4 52. Nc6 exd4 53. Nxd4 Ke5 54. Nf3+ 1/2-1/2